 Dungeon Crawl Stone Soup version 0.20-a0-336-g7b05759 (webtiles) character file.

911 Karnivor the Ogre Mage (level 8, -2/70 HPs)
             Began as an Ogre Necromancer on Dec 21, 2016.
             Slain by an ice beast (14 damage)
             ... on level 5 of the Dungeon.
             The game lasted 00:30:06 (6842 turns).

Karnivor the Ogre Mage (Ogre Necromancer)           Turns: 6842, Time: 00:30:07

Health: -2/70      AC:  5    Str: 13    XL:     8   Next: 8%
Magic:  8/17       EV: 10    Int: 18    God:
Gold:   175        SH:  0    Dex:  9    Spells: 4/19 levels left

rFire  . . .     SeeInvis .     d - +0 giant club
rCold  . . .     Gourm    .     a - +0 robe
rNeg   . . .     Faith    .     (shield currently unavailable)
rPois  .         Spirit   .     (helmet restricted)
rElec  .         Reflect  .     o - +1 cloak
rCorr  .         Harm     .     (gloves unavailable)
MR     .....                    (boots unavailable)
Stlth  ++........               (no amulet)
                                (no ring)
                                s - ring of stealth

@: very slightly contaminated, regenerating
A: unfitting armour, tough skin 1, wild magic 1
a: no special abilities


You were on level 5 of the Dungeon.
You were very hungry.

You visited 1 branch of the dungeon, and saw 5 of its levels.
You also visited: Sewer.

You collected 175 gold pieces.

Inventory:

Hand Weapons
 d - a +0 giant club (weapon)
 n - a +1 whip of electrocution
 r - a +3 quarterstaff of chaos
Armour
 a - a +0 robe (worn)
 o - a +1 cloak (worn)
Magical Staves
 j - an uncursed staff of energy
Jewellery
 s - a ring of stealth (left hand)
Wands
 x - a wand of random effects (23/48)
Scrolls
 l - a scroll of immolation
 m - 3 scrolls of teleportation
 t - a scroll of remove curse
Potions
 c - a potion of ambrosia {unknown}
 e - 3 potions of curing
 g - 4 potions of flight {unknown}
 h - 7 potions of might {unknown}
 k - a potion of magic {unknown}
 p - 6 potions of heal wounds {unknown}
 u - a potion of agility
Books
 b - a book of Necromancy

   Spells                             Type                      Level
   a - Pain                           Necromancy                   1
   b - Animate Skeleton               Necromancy                   1
   c - Vampiric Draining              Necromancy                   3
   d - Regeneration                   Charms/Necromancy            3
   e - Animate Dead                   Necromancy                   4
   f - Control Undead                 Necromancy                   4
Comestibles
 f - 2 meat rations
 i - 6 fruits
 q - 2 bread rations
 v - a slice of pizza


   Skills:
 + Level 1.5 Fighting
 + Level 1.2 Maces & Flails
 + Level 1.1 Armour
 + Level 2.2 Dodging
 - Level 1.4 Stealth
 + Level 6.3 Spellcasting
 + Level 2.2 Charms
 + Level 6.1 Necromancy
 + Level 0.7 Evocations


You had 4 spell levels left.
You knew the following spells:

 Your Spells              Type           Power        Failure   Level  Hunger
a - Pain                  Necr           ####         1%          1    None
b - Vampiric Draining     Necr           #####.....   4%          3    ##.....
c - Regeneration          Chrm/Necr      ####......   14%         3    ##.....
d - Control Undead        Necr           #####.....   17%         4    ####...
e - Animate Dead          Necr           N/A          17%         4    ####...


Dungeon Overview and Level Annotations

Branches:
Dungeon (5/15)
 Temple: D:4-7

Altars:
Elyvilon
Nemelex Xobeh

Shops:
D:5 (


Innate Abilities, Weirdness & Mutations

You are too large for most types of armour.
You have tough skin. (AC +1)
Your spells are a little harder to cast, but a little more powerful.


Message History

Press: ? - help, Shift-Dir - straight line, f - ice beast
Aim: an ice beast (severely wounded)
You miscast Vampiric Draining.
You sense a malignant aura.
The ice beast hits you but does no damage.
You barely miss the ice beast.
The ice beast is severely wounded.
The ice beast hits you but does no damage.
You closely miss the ice beast.
The ice beast is severely wounded.
The ice beast hits you but does no damage.
The ice beast hits you.
* * * LOW HITPOINT WARNING * * *
The ice beast freezes you!
* * * LOW HITPOINT WARNING * * *
You closely miss the ice beast.
The ice beast is severely wounded.
The ice beast hits you.
* * * LOW HITPOINT WARNING * * *
The ice beast freezes you!
You die...

### #§# ##### #§# #####
##...# §§###≈..###≈≈..#
####≈...≈##≈≈≈.#
#≈≈#≈.≈#≈.#.#
####≈≈#≈.≈#≈≈#.# #######
...#.≈#≈.≈#≈.#.###.......
####≈≈#≈.≈#≈≈#.'@Y.......
####.≈#≈.≈#≈≈#.###.......
...#≈≈#≈≈≈#≈≈#.. .......
...#≈≈##...≈≈#..# .......
....≈≈###..≈##..# .......
.....## #####...# .......
...#..... ...# .......
...###.... .#.. .......
...# !....


You could see an ice beast.

Vanquished Creatures
  Sigmund (D:3)
  An ice beast (D:5)
  An ogre (D:4)
  A big kobold (Sewer)
  The ghost of jac2 the Magician, a weakling DsWz (D:3)
  A hound (D:5)
  A crimson imp (D:4)
  An orc wizard (D:4)
  Crazy Yiuf (D:3)
  Ijyb (D:3)
  A bullfrog skeleton (D:4)
  Jessica (D:2)
  A worker ant (D:4)
  A hound skeleton (D:5)
  4 adders
  7 river rats (Sewer)
  An ooze (D:1)
  2 worms
  An adder skeleton (D:4)
  2 dart slugs
  9 leopard geckos
  8 orcs
  6 ball pythons (Sewer)
  5 giant cockroaches
  5 goblins
  5 hobgoblins
  2 jackals (D:4)
  20 kobolds
  2 quokkas
  3 bats
  5 frilled lizards
  19 rats
120 creatures vanquished.

Notes
Turn   | Place    | Note
-------+----------+-------------------------------------------
     0 | D:1      | Karnivor the Ogre Necromancer began the quest for the Orb.
     0 | D:1      | Reached XP level 1. HP: 16/16 MP: 3/3
   142 | D:1      | Reached XP level 2. HP: 12/24 MP: 5/5
  1193 | D:2      | Noticed Jessica
  1197 | D:2      | Killed Jessica
  1197 | D:2      | Reached XP level 3. HP: 14/31 MP: 2/7
  1441 | D:2      | Learned a level 3 spell: Vampiric Draining
  1445 | D:2      | Learned a level 3 spell: Regeneration
  1607 | D:2      | Gained mutation: Your spells are a little harder to cast, but a little more powerful. [potion of beneficial mutation]
  1794 | D:2      | Reached XP level 4. HP: 33/39 MP: 9/9
  1868 | D:2      | HP: 1/39 [poisoned by a goblin]
  2761 | D:3      | Noticed jac2's ghost (weakling DsWz)
  2762 | D:3      | Noticed Sigmund
  2773 | D:3      | Killed jac2's ghost
  2918 | D:4      | Reached XP level 5. HP: 23/45 MP: 0/11
  2924 | D:4      | Learned a level 4 spell: Control Undead
  3219 | D:3      | Noticed Ijyb
  3225 | D:3      | Killed Ijyb
  3225 | D:3      | Reached skill level 5 in Necromancy
  3579 | D:3      | Killed Sigmund
  3579 | D:3      | Reached skill level 5 in Spellcasting
  3579 | D:3      | Reached XP level 6. HP: 35/53 MP: 3/13
  3588 | D:3      | Learned a level 4 spell: Animate Dead
  3842 | D:3      | Found a runed door.
  3912 | D:3      | Found a white marble altar of Elyvilon.
  4084 | D:3      | Noticed Crazy Yiuf
  4090 | D:3      | Killed Crazy Yiuf
  4458 | D:4      | Found a sparkling altar of Nemelex Xobeh.
  4933 | D:4      | Reached skill level 1 in Charms
  4960 | D:4      | Reached XP level 7. HP: 52/59 MP: 15/15
  5272 | D:5      | Entered Level 5 of the Dungeon
  5288 | D:5      | Found Ilis's Antique Weapon Boutique.
  5405 | D:5      | Found a glowing drain.
  5415 | Sewer    | Entered a sewer
  6030 | Sewer    | Reached skill level 1 in Fighting
  6437 | Sewer    | Reached skill level 1 in Maces & Flails
  6437 | Sewer    | Reached skill level 1 in Armour
  6832 | D:5      | Reached XP level 8. HP: 37/70 MP: 12/17
  6842 | D:5      | Slain by an ice beast

Vault maps used:
D:1:      dpeg_arrival_short_road, grunt_decor_fettered
D:2:      uniq_jessica
D:3:      lemuel_crystal_altar, kennysheep_big_empty_room, uniq_sigmund,
          uniq_iyjb, uniq_crazy_yiuf_cottage
D:4:      minmay_wonky_spiral, first_bread, nemelex_spade_bored_becter
D:5:      overflow_temple_1_default, nicolae_overflow_hidden_temple,
          serial_shops, nicolae_shop_window_shopping, kennysheep_mini,
          kennysheep_mini_moat, shop, gup_sewer_entry_pipe, enter_ossuary_3
Sewer:    sewer_minmay_treatment

Skill      XL: |  1  2  3  4  5  6  7 |
---------------+----------------------+-----
Necromancy     | 4 5 6 |  6.1
Spellcasting   | 3 4 5 6 |  6.3
Charms         | 1 2 |  2.2
Dodging        | 2 |  2.2
Fighting       | 1 |  1.5
Maces & Flails | 1 |  1.2
Armour         | 1 |  1.1
Stealth        | |  1.4
Evocations     | |  0.7

Action                   |  1- 3 |  4- 6 |  7- 9 || total
-------------------------+-------+-------+-------++-------
Melee: Mace              |    30 |       |       ||    30
       Whip              |    20 |    59 |     4 ||    83
       Giant club        |       |       |    87 ||    87
 Cast: Pain              |    11 |    60 |    97 ||   168
       Vampiric Draining |     1 |     5 |     5 ||    11
       Control Undead    |       |     1 |       ||     1
       Regeneration      |       |       |     3 ||     3
  Use: Scroll            |     3 |     4 |     2 ||     9
       Potion            |     1 |       |       ||     1
 Stab: Sleeping          |     2 |       |     1 ||     3
  Eat: Bread ration      |     1 |       |       ||     1
       Chunk             |       |     9 |     5 ||    14
Armor: Robe              |     6 |    23 |    70 ||    99
Dodge: Dodged            |    33 |    35 |   101 ||   169
